 Dungeon Sprint DCSS version 0.31-a0-632-g766dd24fdf (webtiles) character file.

Game seed: 7763064777832161934

138 sircluck the Changeling (level 4, -5/60 HPs)
             Began as a Demigod Shapeshifter on Aug 25, 2023.
             Slain by a wolf (9 damage)
             ... in the Dungeon (Sprint V: "Ziggurat Sprint").
             The game lasted 00:02:22 (308 turns).

sircluck the Changeling (Demigod Shapeshifter)       Turns: 308, Time: 00:02:22

Health: -5/60      AC:  2    Str: 32    XL:     4   Next: 70%
Magic:  6/6        EV: 13    Int: 10    God:
Gold:   0          SH:  0    Dex: 14    Spells: 3/3 levels left

rFire   . .          .
                       - Unarmed
rCold   . . .        (no shield)
rNeg    . . .        a - +0 animal skin
rPois   .            (helmet currently unavailable)
rElec   .            (cloak currently unavailable)
rCorr   .            (gloves currently unavailable)
SInv    .            (boots currently unavailable)
Will    .....        (no amulet) Stlth
                     y - +6 ring of strength
HPRegen 0.30/turn    z - +6 ring of strength
MPRegen 0.10/turn

%: no teleportation
@: berserking, beast-form, very quick
A: beast (slay +4), high MP 1, forlorn, divine attributes
a: Begin Untransformation


You were in the Dungeon.
You were a hulking beast.
You visited 1 branch

Inventory:

Armour
 a - a +0 animal skin (worn)
Jewellery
 t - a ring of flight
 u - a +6 ring of dexterity
 v - a +6 ring of dexterity
 w - a +6 ring of intelligence
 x - a +6 ring of intelligence
 y - a +6 ring of strength (left hand)
 z - a +6 ring of strength (right hand)
Talismans
 c - a beast talisman (active)
 d - a flux talisman
 D - a blade talisman
 E - a maw talisman
 F - a serpent talisman
Wands
 A - a wand of mindburst (6)
 B - a wand of iceblast (12)
 C - a wand of light (7)
Scrolls
 j - 4 scrolls of blinking
 p - 4 scrolls of amnesia
 q - 7 scrolls of fog
 r - 5 scrolls of identify
 s - 2 scrolls of fear
Potions
 b - a potion of lignification
 e - 10 potions of curing
 f - 10 potions of heal wounds
 g - 6 potions of haste
 h - 7 potions of magic
 i - 2 potions of berserk rage
 k - 2 potions of brilliance
 l - 2 potions of invisibility
 m - 4 potions of resistance
 o - 5 potions of might


   Skills:
 + Level 3.7 Fighting
 + Level 4.1 Dodging
 + Level 4.6 Unarmed Combat
 + Level 7.7 Shapeshifting


You had 3 spell levels left.
You didn't know any spells.
Your spell library was empty.

Dungeon Overview and Level Annotations

Branches:
Dungeon (1/1)

Annotations:
D 1 transporter


Innate Abilities, Weirdness & Mutations

You are a hulking beast.
Your limbs bulge with bestial killing power. (Slay +4)
You have an increased reservoir of magic. (+10% MP)
You shall have no god before yourself.
Your divine heritage dramatically boosts your attributes as you level up.


Message History

Done waiting.
There is a transporter here.
Welcome to arena 2.
You enter the transporter and appear at another place.
A spriggan and 2 wolves come into view.
Found three items.
Found a transporter.
The wolf howls! x2
Aiming: Iceblast
Press: ? - help, Q - select action, (/) - cycle Shift-Dir - straight line The mass of ice explodes!
The iceblast engulfs the wolf!
The wolf is heavily wounded.
The iceblast engulfs the spriggan!
The spriggan is moderately wounded.
The spriggan closely misses you.
Aiming: Iceblast
Press: ? - help, Q - select action, (/) - cycle Shift-Dir - straight line
Okay, then.
Aiming: Mindburst
Press: ? - help, Q - select action, (/) - cycle Shift-Dir - straight line The spriggan easily resists.
The wolf misses you. The wolf closely misses you.
The spriggan hits you with a +0 rapier! The wolf bites you. The wolf bites you!
A red film seems to cover your vision as you go berserk!
You feel yourself moving faster!
You feel mighty! The wolf misses you. The wolf bites you.
The spriggan closely misses you. The wolf bites you.
The wolf closely misses you.
Unknown command.
You hit the spriggan. Your punch misses the spriggan.
The spriggan is heavily wounded.
The wolf bites you!
* * * LOW HITPOINT WARNING * * *
The spriggan hits you with a +0 rapier!
* * * LOW HITPOINT WARNING * * *
The wolf misses you.
You miss the spriggan.
The spriggan is heavily wounded.
The wolf bites you.
* * * LOW HITPOINT WARNING * * *
The wolf bites you!
You die...

▓▓▓▓▓▓▓▓▓▓▓▓▓
▓.8©8.▓.8©8.▓
▓.)|).▓.....▓
▓.....▓.)...▓
▓.....▓.....▓
▓.hih.▓.....▓
▓..h..▓..©..▓
▓..©..▓▓▓▓▓▓▓
▓▓▓▓▓▓▓


You could see a spriggan and 2 wolves.

Vanquished Creatures
  A floating eye (D)
  A jelly (D)
2 creatures vanquished.

Notes
Turn   | Place    | Note
-------+----------+-------------------------------------------
     0 | D        | sircluck the Demigod Shapeshifter began the quest for the
                  | Orb.
     0 | D        | Reached XP level 1. HP: 15/15 MP: 3/3
     1 | D        | Found the +6 Majin-Bo {spellvamp, MP+6 Int+6}
     1 | D        | Found the +27 heavy crossbow "Sniper" {heavy, Acc+∞ SInv}
     1 | D        | Found the +10 dark maul {heavy}
     1 | D        | Found the +15 Maxwell's patent armour {-Cast -Tele rElec
                  | Will+ rCorr}
     1 | D        | Found the +18 shield of the Gong {Loud rN+ Will+ rCorr
                  | EV-5}
     1 | D        | Found the +16 obsidian axe {drain, demonic, Mesm Drain Fly
                  | SInv}
     1 | D        | Found the +7 great mace "Firestarter" {flame, immolate,
                  | rFlCloud rF++}
     1 | D        | Found the +6 shillelagh "Devastator" {shatter}
     1 | D        | Found the +11 plutonium sword {Contam Stlth-}
     1 | D        | Found the +8 lance "Wyrmbane" {slay drac, rPois rF+ rC+
                  | AC+3}
     1 | D        | Found the +9 sword of Zonguldrok {reap}
     1 | D        | Found the +13 scythe of Curses {drain, curses, Drain}
     1 | D        | Found the +9 sword of Power {lifebolt}
     1 | D        | Found the +7 mace of Variability {chaos, chaos arc}
     1 | D        | Found the +11 Singing Sword {sonic wave}
     1 | D        | Found the +8 storm bow {elec, penet}
     3 | D        | Found a transporter.
    19 | D        | Reached skill level 6 in Shapeshifting
    19 | D        | Reached XP level 2. HP: 22/22 MP: 4/4
    69 | D        | Entered arena 2.
    69 | D        | Noticed a floating eye
    69 | D        | Found a transporter.
    71 | D        | Paralysed by a floating eye for 4 turns
    75 | D        | Killed a floating eye
    76 | D        | Reached skill level 7 in Shapeshifting
    76 | D        | Reached XP level 3. HP: 6/31 MP: 5/5
    76 | D        | Reached XP level 4. HP: 7/38 MP: 6/6
   302 | D        | Entered arena 3.
   302 | D        | Noticed a wolf
   302 | D        | Noticed a spriggan
   302 | D        | Noticed a wolf
   302 | D        | Found a transporter.
   308 | D        | Slain by a wolf

Illustrated notes

Levels and vault maps discovered:
D:        sprint_v [room_start, room_1, room_2, room_3, room_4, room_5, room_6,
          room_7, room_8, room_9, room_10, room_11, room_12, room_13, room_14,
          room_15, room_16, room_17, room_18, room_19, room_20, room_21,
          room_22, room_23, room_24, room_25, room_26, room_27]

Skill      XL: |  1  2  3  4 |
---------------+-------------+-----
Shapeshifting  | 6 7 |  7.7
Fighting       | 3 |  3.7
Dodging        | 3 4 |  4.1
Unarmed Combat | 4 |  4.6

Action                     |  1- 3 |  4- 6 || total
---------------------------+-------+-------++-------
  Melee: Unarmed           |     1 |     3 ||     4
  Evoke: Wand              |     1 |     2 ||     3
    Use: Potion            |     1 |     1 ||     2
 Armour: Animal skin       |     1 |       ||     1
  Dodge: Dodged            |     1 |     7 ||     8

Table legend: (Time is in decaauts)
 A = Elapsed time spent in this place.
 B = Non-inter-level travel time spent in this place.
 C = Inter-level travel time spent in this place.
 D = Time resting spent in this place.
 E = Time spent auto-exploring this place.
 F = Levels seen in this place.
 G = Mean time per level.
                   A        B        C        D        E       F      G
               +--------+--------+--------+--------+--------+-----+--------+
         Total |    306 |    296 |     10 |    217 |      0 |   1 |  306.0 |
       Dungeon |    306 |    296 |     10 |    217 |      0 |   1 |  306.0 |
               +--------+--------+--------+--------+--------+-----+--------+

Top non-repeatable levels by time:
       D: 306 daAuts
